 Dungeon Crawl Stone Soup version 0.32-a0-131-g9dbbe29261 (webtiles) character file.

Game seed: 1422167253397524820

2641 Ambrosia the Conjurer (level 9, -8/108 HPs)
             Began as a Black Draconian Fire Elementalist on Feb 8, 2024.
             Was a Believer of Sif Muna.
             Killed from afar by Maggie (21 damage)
             ... with a bolt of fire
             ... on level 7 of the Dungeon.
             The game lasted 00:18:40 (9193 turns).

Ambrosia the Conjurer (DrFE)                        Turns: 9193, Time: 00:18:40

Health: -8/108     AC: 24    Str: 10    XL:     9   Next: 35%
Magic:  13/17      EV:  2    Int: 20    God:    Sif Muna [**....]
Gold:   222        SH:  0    Dex: 12    Spells: 3/19 levels left

rFire   . . .        g - +1 war axe (venom)
rCold   . . .        (no shield)
rNeg    . . .        (body armour unavailable)
rPois   +            (helmet currently unavailable)
rElec   .            m - melded +2 cloak
rCorr   .            (gloves currently unavailable)
SInv    .            e - melded +1 pair of boots
Will    .....        (no amulet)
Stlth   ++           d - ring of flight {+Fly}
HPRegen 0.38/turn    p - ring of wizardry {wiz+}
MPRegen 0.15/turn

%: wizardry (x1)
@: brilliant, tree-form, invisible
A: stationary, stasis, torment immunity, boosted hp, (breathe lightning), AC +7,
unfitting armour, (electricity resistance), (cold-blooded)
a: Renounce Religion, Channel Magic


You were on level 7 of the Dungeon.
You worshipped Sif Muna.
Sif Muna was pleased with you.
You were a tree.
You visited 2 branches of the dungeon, and saw 8 of its levels.
You also visited: Sewer.

You collected 222 gold pieces.

Inventory:

Hand Weapons
 g - a +1 war axe of venom (weapon)
   (You found it on level 2 of the Dungeon)
Missiles
 o - 2 throwing nets {=f, !d}
Armour
 e - a +1 pair of boots (melded)
   (You found it on level 1 of the Dungeon)
 m - a +2 cloak (melded)
   (You found it on level 5 of the Dungeon)
Jewellery
 d - a ring of flight (left branch) {+Fly}
   (You found it on level 1 of the Dungeon)
 p - a ring of wizardry (right branch) {wiz+}
   (You acquired it on level 5 of the Dungeon)
Wands
 k - a wand of iceblast (3)
   (You took it off Ijyb on level 5 of the Dungeon)
Scrolls
 j - a scroll of fear
 q - a scroll of teleportation {!r!d, @r3}
Potions
 b - 3 potions of attraction {!q}
 c - 5 potions of haste
 h - a potion of resistance
 i - a potion of lignification {!q}
 l - 2 potions of enlightenment
 s - a potion of brilliance


   Skills:
 + Level 4.6 Fighting
 + Level 4.2 Dodging
 - Level 1.7 Stealth
 * Level 5.7 Spellcasting
 * Level 6.0 Conjurations
 + Level 5.2 Fire Magic
 * Level 4.7 Earth Magic


You had 3 spell levels left.
You knew the following spells:

 Your Spells              Type           Power      Damage    Failure   Level
a - Foxfire               Conj/Fire      100%       2x1d9     1%          1
d - Dazzling Flash        Conj/Hex       52%        N/A       4%          3
f - Bombard               Conj/Erth      20%        9d4       56%         6
z - Scorch                Fire           78%        2d8       1%          2
Z - Flame Wave            Conj/Fire      42%        2d11      4%          4

Your spell library contained the following spells:

 Spells                   Type           Power      Damage    Failure   Level
 Apportation              Tloc           16%        N/A       4%          1
 Inner Flame              Hex/Fire       24%        N/A       4%          3
 Volatile Blastmotes      Fire/Tloc      48%        2d14      4%          3
 Jinxbite                 Hex            16%        N/A       6%          2
 Leda's Liquefaction      Alch/Erth      11%        N/A       16%         4
 Lee's Rapid Deconstruct  Erth           18%        3d11*     16%         5
 Starburst                Conj/Fire      21%        6d7       52%         6
 Alistair's Intoxication  Alch           5%         N/A       71%         5
 Summon Forest            Summ/Tloc      4%         N/A       71%         5
 Summon Mana Viper        Hex/Summ       8%         N/A       71%         5
 Yara's Violent Unravell  Hex/Alch       4%         3d4       71%         5
 Conjure Ball Lightning   Conj/Air       13%        3x3d6     86%         6
 Summon Cactus Giant      Summ           4%         N/A       99%         6
 Enfeeble                 Hex            4%         N/A       100%        7
 Discord                  Hex            4%         N/A       100%        8
 Disjunction              Tloc           4%         N/A       100%        8
 Maxwell's Capacitive Co  Air            4%         ∞         100%        8


Dungeon Overview and Level Annotations

Branches:
Dungeon (7/15) Zot: 26761  Temple (1/1) D:4 Zot: 5971   Sewer (visited)

Altars:
Dithmenos
Elyvilon
Kikubaaqudgha
Makhleb
Okawaru
Qazlal
Ru
Sif Muna
Vehumet
Wu Jian
Xom
Yredelemnul
Zin
The Shining One

Annotations:
D:7 Maggie


Innate Abilities, Weirdness & Mutations

You are a tree.
Your roots penetrate the ground, keeping you stationary.
You cannot be teleported.
You are immune to unholy pain and torment.
Your maximum health is greatly increased.
Your equipment is partially melded.
((You can breathe wild blasts of lightning.))
((Your glossy black scales are hard. (AC +7)))
You cannot fit into any form of body armour.
((You are resistant to electric shocks. (rElec)))
((You are cold-blooded and may be slowed by cold attacks.))


Message History

You hit the orc.
The orc is poisoned.
You kill the orc!
Sif Muna accepts your kill. Dowan closely misses you.
Maggie hits you from afar with a +0 halberd.
* * * LOW HITPOINT WARNING * * *
The orc closely misses you.
You take 2 damage, and have 6/72 hp.
Dowan gestures at you while chanting. The stone arrow hits you.
* * * LOW HITPOINT WARNING * * *
Maggie closely misses you.
An orc priest comes into view. It is wielding a +0 short sword.
The orc barely misses you.
You take 5 damage, and have 1/72 hp.
It was a potion of brilliance.
You feel clever all of a sudden.
Dowan points at you and mumbles some strange words.
The stone arrow hits you but does no damage.
The orc hits you but does no damage. Maggie hits you but does no damage.
The orc hits you but does no damage.
It was a potion of lignification.
You turn into a tree.
Your +2 cloak melds into your body.
Your +1 pair of boots melds into your body.
Your roots penetrate the ground.
You feel less confused. Dowan hits you but does no damage.
Dowan barely misses you.
You now have 3/108 hp.
Okay, then.
As you read the scroll of fear, it crumbles to dust.
You assume a fearsome visage.
Dowan looks frightened!
Maggie looks frightened!
The orc priest looks frightened!
The orc looks frightened! x2
The orc priest looks frightened!
The orc looks frightened!
You break out of your daze!
Casting: Dazzling Flash (mildly dangerous; 4% risk of failure)
Casting: Flame Wave (dangerous; 4% risk of failure)
Press: ? - help, Dir - look around, f - activate You feel a surge of power!
A wave of flame ripples out!
The flame wave engulfs Dowan!
You kill Dowan!
Sif Muna accepts your kill. (Press . to intensify the flame waves.)
You hear a shout! x2
Your Conjurations skill increases to level 6!
You now have 14/17 mp.
A wave of flame ripples out!
You hear a shout! x2
You now have 13/17 mp.
Unknown command.
Okay, then.
Okay, then.
Okay, then.
It was a potion of invisibility.
You fade into invisibility!
The orc cries, "Mercy!"
There are monsters nearby!
An orc comes into view. It is wielding a +0 hand axe.
The orc shouts!
A howler monkey comes into view.
An orc comes into view.
It is wielding the +1 long sword of Telo {heavy, rPois Int+2 Dex+3}.
Your extra speed is starting to run out.
MP restored: 17 Maggie points at you and mumbles some strange words.
The bolt of fire misses the orc priest.
The bolt of fire hits you but does no damage.
Casting: Flame Wave (dangerous; 4% risk of failure)
Okay, then.
You are too injured to fight recklessly!
You are too injured to fight recklessly!
Casting: Foxfire (safe; 1% risk of failure)
Press: ? - help, Q - select action, (/) - cycle Dir - look around, f - activate You feel a surge of power!
You conjure some foxfire!
You now have 16/17 mp.
Unknown command.
Casting: Foxfire (safe; 1% risk of failure)
Press: ? - help, Q - select action, (/) - cycle Dir - look around, f - activate You feel a surge of power!
You conjure some foxfire!
You feel yourself slow down.
The foxfire hits the orc priest.
You now have 15/17 mp.
Casting: Foxfire (safe; 1% risk of failure)
Press: ? - help, Q - select action, (/) - cycle Dir - look around, f - activate You feel a surge of power!
You conjure some foxfire!
The foxfire hits the orc priest but does no damage.
The foxfire hits the orc priest.
The foxfire hits the orc priest but does no damage.
The orc priest miscasts a cantrip.
The orc priest hits you with a +0 short sword.
* * * LOW HITPOINT WARNING * * *
Casting: Foxfire (safe; 1% risk of failure)
Press: ? - help, Q - select action, (/) - cycle Dir - look around, f - activate You feel a surge of power!
You conjure some foxfire!
The foxfire hits the orc priest. x2
The orc priest hits you but does no damage.
An orc priest comes into view. It is wielding a +0 whip.
Maggie casts a spell at you.
The bolt of fire hits the orc priest!
The orc priest dies!
The bolt of fire hits you!!
You die...

...<.........[..
.............o..
...?...)......#
......#.....### .
...#........##..
##.oo.@........
#...)...$......
.####.v§).........#
..$...v♣..<.)######
.#####§§§....#
##..$...#
.........#.#
.#...##......
#...#........#
#...#.##..#.##
#####. ##### #.


You could see Maggie (unable to see you), 2 orc priests and an orc (unable to
see you).

Vanquished Creatures
  Pikel (D:6)
  Sigmund (D:3)
  Menkaure (D:4)
  A water moccasin (D:5)
  Duvessa (D:7)
  A centaur (D:6)
  4 lemures (D:6)
  4 kobold brigands (Sewer D:6)
  3 scorpions (D:2 D:5 D:6)
  A bullfrog (D:6)
  Dowan (D:7)
  2 howler monkeys (D:3 D:4)
  5 hounds (D:5 D:6 D:7)
  4 bombardier beetles (D:4 D:5)
  2 orc priests (D:4 D:6)
  A gnoll bouda (D:4)
  4 sleepcaps (D:5 D:6)
  Ijyb (D:5)
  5 iguanas (D:5 D:6)
  An orc wizard (D:4)
  12 gnolls (D:3 D:4 D:5 D:6)
  12 adders (Sewer D:4 D:5 D:6)
  3 river rats (Sewer)
  2 shadow imps (D:6)
  2 ufetubi (D:6)
  2 ribbon worms (Sewer D:3)
  11 orcs (D:4 D:5 D:6 D:7)
  5 bats (D:1 D:2)
  11 endoplasms (D:1 D:2 D:3 Sewer D:4)
  4 giant cockroaches (D:1 D:3)
  4 goblins (D:1 D:2 D:4)
  3 hobgoblins (D:1 D:2)
  6 quokkas (D:2 D:3)
  7 ball pythons (D:1 D:2 Sewer D:4)
  21 kobolds (D:1 Sewer D:4 D:6)
  6 rats (D:1 D:2 Sewer)
155 creatures vanquished.

Vanquished Creatures (others)
  An orc priest (D:7)
  An orc (D:7)
  339 foxfires (D:1 D:2 D:3 Sewer D:4)
341 creatures vanquished.

Grand Total: 496 creatures vanquished

Notes
Turn   | Place    | Note
-------+----------+-------------------------------------------
     0 | D:1      | Ambrosia the Draconian Fire Elementalist began the quest
                  | for the Orb.
     0 | D:1      | Reached XP level 1. HP: 14/14 MP: 3/3
   368 | D:1      | Ambrosia: ooh
   368 | D:1      | Ambrosia: bombard
   368 | D:1      | Ambrosia: my favorite
   412 | D:1      | Rudyous: just gotta get it to be usable
   465 | D:1      | Reached XP level 2. HP: 22/22 MP: 1/5
   527 | D:1      | Ambrosia: ye
   576 | D:1      | Ambrosia: and survive till it is lol
   592 | D:1      | Rudyous: yep
   636 | D:1      | Learned a level 2 spell: Scorch
   735 | D:1      | Ambrosia: the lack of magic is painfulll
  1348 | D:2      | Rudyous: thats usually why i dont use a bunch of scorch
                  | until i get like 9 mana
  1374 | D:2      | Ambrosia: I try not to but in 1 by 1's I have no choice
                  | pretty much
  1385 | D:2      | Ambrosia: cuz then foxfire is a bigger waste of mana
  1593 | D:2      | Reached XP level 3. HP: 27/27 MP: 3/6
  1697 | D:2      | Rudyous: foxfire has slight use in 1 by 1's depending on
                  | certain things
  1701 | D:2      | Ambrosia: who was spectating?
  1703 | D:2      | Reached skill level 1 in Earth Magic
  1703 | D:2      | Rudyous: mostly how you and the enemy are places
  1703 | D:2      | Ambrosia: ye
  1703 | D:2      | Rudyous: dunno it was a anon
  1703 | D:2      | Ambrosia: oh
  1954 | D:2      | Noticed a scorpion
  1970 | D:2      | HP: 13/27 [scorpion (6)]
  1973 | D:2      | Killed a scorpion
  1974 | D:2      | Reached skill level 1 in Fighting
  1974 | D:2      | Reached skill level 2 in Dodging
  1974 | D:2      | Reached skill level 2 in Conjurations
  1974 | D:2      | Reached XP level 4. HP: 13/35 MP: 4/7
  1975 | D:2      | HP: 12/35 [poisoned by a scorpion]
  2709 | D:3      | Found a glowing drain.
  2755 | Sewer    | Entered a sewer
  3203 | Sewer    | Reached XP level 5. HP: 34/40 MP: 1/9
  3371 | Sewer    | Reached skill level 3 in Spellcasting
  3371 | Sewer    | Reached skill level 2 in Earth Magic
  3450 | Sewer    | Learned a level 4 spell: Flame Wave
  3606 | Sewer    | Reached skill level 2 in Fighting
  3606 | Sewer    | Reached skill level 3 in Conjurations
  3606 | Sewer    | Reached XP level 6. HP: 29/48 MP: 1/10
  4524 | D:4      | Reached skill level 3 in Earth Magic
  4524 | D:4      | Noticed Sigmund
  4525 | D:4      | Ambrosia: what the fuck
  4525 | D:4      | Ambrosia: where'd you come from!?
  4537 | D:3      | Killed Sigmund
  4538 | D:3      | Your scales start taking on a glossy black colour.
  4538 | D:3      | Reduced skill Earth Magic to level 2
  4538 | D:3      | Reached XP level 7. HP: 43/56 MP: 0/12
  4538 | D:3      | Gained mutation: You are resistant to electric shocks.
                  | (rElec) [Black Draconian growth]
  4627 | D:4      | Noticed Menkaure
  4628 | D:4      | Ambrosia: WHAT THE FUCK
  4738 | D:4      | Reached skill level 3 in Dodging
  4738 | D:4      | Reached skill level 4 in Fire Magic
  4862 | D:4      | HP: 24/56 [gnoll/+0 club (5)]
  4863 | D:4      | HP: 11/56 [gnoll/+0 club (2)]
  5019 | D:4      | Killed Menkaure
  5020 | D:4      | Reached skill level 4 in Spellcasting
  5020 | D:4      | Reached skill level 4 in Conjurations
  5020 | D:4      | Reached skill level 3 in Earth Magic
  5092 | D:4      | Reached skill level 3 in Fighting
  5333 | D:4      | Found a staircase to the Ecumenical Temple.
  5340 | D:4      | Rudyous: ima recommend something, so you used scorch a lot
                  | on sigmund, i recommend using it once to get the rF- on it
                  | and then fox fire it a much
  5340 | D:4      | Ambrosia: :o bet
  5340 | D:4      | Rudyous: i believe the foxfire would do more damage
  5340 | D:4      | Ambrosia: true
  5340 | D:4      | Ambrosia: but that was a small condensed space and foxfire
                  | would struggle
  5341 | Temple   | Entered the Ecumenical Temple
  5342 | Temple   | Rudyous: lightning is a great breath if it hits
  5342 | Temple   | Ambrosia: bruh
  5342 | Temple   | Ambrosia: no veh in temple?
  5355 | Temple   | Ambrosia: hm
  5355 | Temple   | Became a worshipper of Sif Muna the Loreminder
  5356 | Temple   | Ambrosia: fine
  5451 | D:4      | Rudyous: both of the areas, the initial encounter and the
                  | upper floor were both pretty open tbh
  5606 | D:4      | Ambrosia: eh
  5606 | D:4      | Ambrosia: idk
  5607 | D:4      | Ambrosia: i'll keep it in mind tho
  5607 | D:4      | Ambrosia: th
  5607 | D:4      | Ambrosia: x
  5691 | D:4      | Ambrosia: grr
  5926 | D:4      | Ambrosia: yay
  5926 | D:4      | Ambrosia: 99%
  5933 | D:4      | Learned a level 6 spell: Bombard
  5938 | D:5      | Entered Level 5 of the Dungeon
  6021 | D:5      | Found a radiant altar of Vehumet.
  6022 | D:5      | Rudyous: wow
  6022 | D:5      | Rudyous: thats unlucky
  6022 | D:5      | Ambrosia: you're kidding
  6022 | D:5      | Ambrosia: what the fuck
  6027 | D:5      | Found a sacrificial altar of Ru.
  6032 | D:5      | Noticed Ijyb
  6040 | D:5      | Found a burning altar of Makhleb.
  6040 | D:5      | Found a stormy altar of Qazlal.
  6054 | D:4      | Reached XP level 8. HP: 55/63 MP: 1/14
  6232 | D:5      | Killed Ijyb
  6323 | D:5      | Found a shimmering altar of Xom.
  7123 | D:5      | Reached * piety under Sif Muna
  7684 | D:5      | Identified a scroll of acquirement
  7684 | D:5      | Ambrosia: :ooooooooooooo
  7684 | D:5      | Ambrosia: which one?
  7684 | D:5      | Ambrosia: staff or ring?
  7684 | D:5      | Rudyous: staff is better late game when you have more mana
                  | so i feel like ring
  7684 | D:5      | Acquired a ring of wizardry
  7692 | D:5      | Ambrosia: 77%
  8008 | D:6      | Reached skill level 5 in Conjurations
  8012 | D:6      | Reached skill level 5 in Spellcasting
  8023 | D:6      | Reached skill level 4 in Earth Magic
  8144 | D:6      | Reached skill level 4 in Fighting
  8412 | D:6      | Reached XP level 9. HP: 65/71 MP: 1/16
  8614 | D:6      | Found a white marble altar of Elyvilon.
  8781 | D:6      | Reached skill level 4 in Dodging
  8928 | D:6      | Learned a level 3 spell: Dazzling Flash
  8940 | D:7      | Noticed Pikel
  8943 | D:7      | Noticed Duvessa
  8949 | D:6      | HP: 34/71 [lemure[Pikel] (4)]
  8954 | D:6      | Reached ** piety under Sif Muna
  8954 | D:6      | Killed Pikel
  8955 | D:6      | Reached skill level 5 in Fire Magic
  8955 | D:6      | Ambrosia: erm
  8955 | D:6      | Ambrosia: way too close
  9120 | D:7      | Noticed Maggie
  9128 | D:7      | Killed Duvessa
  9132 | D:7      | HP: 26/72 [Maggie/bolt of fire (25)]
  9132 | D:7      | Noticed Dowan
  9135 | D:7      | HP: 11/72 [Maggie/bolt of fire (15)]
  9137 | D:7      | Ambrosia: bruh
  9141 | D:7      | Rudyous: that maggie appearing is awful
  9141 | D:7      | Ambrosia: this is literally what happens all the fucking
                  | time
  9141 | D:7      | Ambrosia: stupid uniques ruining my day
  9146 | D:7      | HP: 6/72 [Maggie/+0 halberd (2)]
  9147 | D:7      | HP: 1/72 [Dowan/stone arrow (5)]
  9150 | D:7      | Ambrosia: dear jesus
  9151 | D:7      | Ambrosia: phew
  9151 | D:7      | Killed Dowan
  9152 | D:7      | Reached skill level 6 in Conjurations
  9181 | D:7      | Identified the +1 long sword of Telo {heavy, rPois Int+2
                  | Dex+3}
  9192 | D:7      | HP: 13/108 [orc priest/+0 short sword (1)]
  9193 | D:7      | Killed from afar by Maggie

Illustrated notes

Levels and vault maps discovered:
D:1:      matt_arrival_refuge, layout_loops_ring
D:2:      layout_basic, nrook_uturn
D:3:      layout_basic, grunt_temple_overflow_opulence, serial_glass,
          glass_columns_c, glass_columns_a, glass_columns_a, glass_columns_b,
          glass_columns_a, due_unseen_surprise, feat_on_display,
          portal_sewer_entry_f
D:4:      layout_loops_ring, minmay_temple_entry_statues_pillars,
          minmay_misc_feat_columns, uniq_sigmund, uniq_menkaure
D:5:      layout_loops_ring, lemuel_tele_altar, grunt_temple_overflow_open,
          serial_co_window_serial, co_window_cross_1, co_window_paths_a,
          co_window_corner_a, co_window_paths_b, co_window_of_opportunity_a,
          co_window_paths_a, co_window_paths_b, co_window_broadway_c,
          co_window_2corner, co_window_corner_cb, co_window_of_opportunity_b,
          co_window_unsneaky_path_d, co_window_corner_cb, glass_columns_a,
          glass_columns_a, glass_columns_b, glass_columns_a, uniq_ijyb
D:6:      layout_rooms, mainiacjoe_overflow_alcove_2, minmay_misc_feat_tiny,
          eino_tiny_chamber
D:7:      layout_rooms, uniq_crazy_yiuf_cottage, uniq_duvessa, uniq_maggie,
          uniq_pikel
Temple:   nicolae_temple_colour_theory

Skill      XL: |  1  2  3  4  5  6  7  8  9 |
---------------+----------------------------+-----
Earth Magic    | 1 2 2 3 4 |  4.7
Fighting       | 1 2 3 4 |  4.6
Dodging        | 2 3 4 |  4.2
Conjurations   | 2 3 4 5 6 |  6.0
Spellcasting   | 3 4 5 |  5.7
Fire Magic     | 4 5 |  5.2
Stealth        | |  1.7

Action                     |  1- 3 |  4- 6 |  7- 9 || total
---------------------------+-------+-------+-------++-------
  Melee: Whip              |    19 |       |       ||    19
         Tailslap          |     2 |     2 |     8 ||    12
         War axe           |     6 |    25 |    40 ||    71
         Punch             |       |       |     2 ||     2
   Cast: Foxfire           |    56 |    71 |   119 ||   246
         Scorch            |     6 |    22 |    48 ||    76
         Flame Wave        |       |       |    10 ||    10
         Dazzling Flash    |       |       |     4 ||     4
    Use: Scroll            |     5 |     3 |    10 ||    18
         Potion            |     1 |       |     7 ||     8
 Armour: Skin              |    31 |    37 |   141 ||   209
  Dodge: Dodged            |    33 |    54 |   203 ||   290

Table legend: (Time is in decaauts)
 A = Elapsed time spent in this place.
 B = Non-inter-level travel time spent in this place.
 C = Inter-level travel time spent in this place.
 D = Time resting spent in this place.
 E = Time spent auto-exploring this place.
 F = Levels seen in this place.
 G = Mean time per level.
                   A        B        C        D        E       F      G
               +--------+--------+--------+--------+--------+-----+--------+
         Total |   9224 |   8980 |    244 |   2152 |   5491 |   9 | 1024.9 |
       Dungeon |   7893 |   7675 |    218 |   1967 |   4562 |   7 | 1127.6 |
        Temple |     28 |      2 |     26 |      0 |      0 |   1 |   28.0 |
         Sewer |   1302 |   1302 |      0 |    185 |    929 |   1 | 1302.0 |
               +--------+--------+--------+--------+--------+-----+--------+

Top non-repeatable levels by time:
     D:5: 1631 daAuts
     D:2: 1369 daAuts
   Sewer: 1302 daAuts
     D:4: 1230 daAuts
     D:3: 1217 daAuts
     D:6: 1190 daAuts
     D:1: 1189 daAuts
     D:7: 65 daAuts
  Temple: 28 daAuts

Levels and vault maps discovered:
D:1:      matt_arrival_refuge, layout_loops_ring
D:2:      layout_basic, nrook_uturn
D:3:      layout_basic, grunt_temple_overflow_opulence, serial_glass,
          glass_columns_c, glass_columns_a, glass_columns_a, glass_columns_b,
          glass_columns_a, due_unseen_surprise, feat_on_display,
          portal_sewer_entry_f
D:4:      layout_loops_ring, minmay_temple_entry_statues_pillars,
          minmay_misc_feat_columns, uniq_sigmund, uniq_menkaure
D:5:      layout_loops_ring, lemuel_tele_altar, grunt_temple_overflow_open,
          serial_co_window_serial, co_window_cross_1, co_window_paths_a,
          co_window_corner_a, co_window_paths_b, co_window_of_opportunity_a,
          co_window_paths_a, co_window_paths_b, co_window_broadway_c,
          co_window_2corner, co_window_corner_cb, co_window_of_opportunity_b,
          co_window_unsneaky_path_d, co_window_corner_cb, glass_columns_a,
          glass_columns_a, glass_columns_b, glass_columns_a, uniq_ijyb
D:6:      layout_rooms, mainiacjoe_overflow_alcove_2, minmay_misc_feat_tiny,
          eino_tiny_chamber
D:7:      layout_rooms, uniq_crazy_yiuf_cottage, uniq_duvessa, uniq_maggie,
          uniq_pikel
Temple:   nicolae_temple_colour_theory

Table legend: (Time is in decaauts)
 A = Elapsed time spent in this place.
 B = Non-inter-level travel time spent in this place.
 C = Inter-level travel time spent in this place.
 D = Time resting spent in this place.
 E = Time spent auto-exploring this place.
 F = Levels seen in this place.
 G = Mean time per level.
                   A        B        C        D        E       F      G
               +--------+--------+--------+--------+--------+-----+--------+
         Total |   9224 |   8980 |    244 |   2152 |   5491 |   9 | 1024.9 |
       Dungeon |   7893 |   7675 |    218 |   1967 |   4562 |   7 | 1127.6 |
        Temple |     28 |      2 |     26 |      0 |      0 |   1 |   28.0 |
         Sewer |   1302 |   1302 |      0 |    185 |    929 |   1 | 1302.0 |
               +--------+--------+--------+--------+--------+-----+--------+

Top non-repeatable levels by time:
     D:5: 1631 daAuts
     D:2: 1369 daAuts
   Sewer: 1302 daAuts
     D:4: 1230 daAuts
     D:3: 1217 daAuts
     D:6: 1190 daAuts
     D:1: 1189 daAuts
     D:7: 65 daAuts
  Temple: 28 daAuts

Table legend:
 A = Kills in this place as a percentage of kills in the entire game.
 B = Kills by you in this place as a percentage of kills by you in the entire game.
 C = Kills by friends in this place as a percentage of kills by friends in the entire game.
 D = Other kills in this place as a percentage of other kills in the entire game.
 E = Experience gained in this place as a percentage of experience gained in the entire game.
 F = Experience gained in this place divided by the number of levels of this place that you have seen.
                   A       B       C       D       E      F
               +-------+-------+-------+-------+-------+----------------------
         Total | 100.0 | 100.0 |   N/A | 100.0 | 100.0 | 422.3
       Dungeon |  81.6 |  81.5 |   N/A | 100.0 |  88.9 | 482.7
         Sewer |  18.4 |  18.5 |   N/A |   0.0 |  11.1 | 422.0
               +-------+-------+-------+-------+-------+----------------------
